 Dungeon Crawl Stone Soup version 0.19-a0-1021-g80cc50c (webtiles) character file.

9310 HenryFlower the Cruncher (level 11, -1/100 HPs)
             Began as a Minotaur Gladiator on July 26, 2016.
             Was a Priest of Okawaru.
             Slain by Urug
             ... wielding a +2 demon trident
              (12 damage)
             ... on level 10 of the Dungeon.
             The game lasted 00:23:47 (12293 turns).

HenryFlower the Cruncher (Minotaur Gladiator)      Turns: 12293, Time: 00:23:47

Health: -1/100     AC: 18    Str: 20    XL:     11   Next: 21%
Magic:  10/10      EV:  5    Int:  5    God:    Okawaru [***...]
Gold:   588        SH:  0    Dex: 14    Spells: 0 memorised, 10 levels left

rFire  . . .     SeeInvis .     a - +1 quarterstaff (flame)
rCold  . . .     Gourm    .     v - +0 plate armour
rNeg   . . .     Faith    .     (shield currently unavailable)
rPois  .         Spirit   .     c - +1 hat
rElec  .         Dismiss  .     q - +2 cloak
rCorr  .         Reflect  .     l - +0 pair of gloves
SustAt .         Harm     .     D - +2 pair of boots
MR     .....                    (no amulet)
Stlth  ..........               (no ring)
                                o - ring of wizardry

@: very heavily drained, not resistant to hostile enchantments, extremely
unstealthy
A: retaliatory headbutt, horns 2
a: Heroism, Renounce Religion


You were on level 10 of the Dungeon.
You worshipped Okawaru.
Okawaru was most pleased with you.
You were hungry.

You visited 2 branches of the dungeon, and saw 11 of its levels.
You also visited: Ossuary.

You collected 723 gold pieces.
You spent 135 gold pieces at shops.

Inventory:

Hand Weapons
 a - a +1 quarterstaff of flaming (weapon)
 B - the +7 Singing Sword
   (You found it on level 9 of the Dungeon)
Missiles
 d - 4 throwing nets (quivered)
Armour
 c - a +1 hat (worn)
 l - a +0 pair of gloves (worn)
 q - a +2 cloak (worn)
 v - a +0 plate armour (worn)
 D - a +2 pair of boots (worn)
Jewellery
 o - a ring of wizardry (left hand)
Scrolls
 h - 5 scrolls of magic mapping
 j - a scroll of fog
 m - 2 scrolls of identify
 u - 2 scrolls of remove curse
 x - 3 scrolls of enchant armour
 y - a scroll of amnesia
 z - a scroll of recharging
Potions
 e - 2 potions of magic
 i - a potion of flight
 n - 3 potions of cancellation
 p - 3 potions of brilliance
 t - a potion of curing
 A - a potion of ambrosia
Comestibles
 b - 3 beef jerkies
 f - 12 bread rations
 r - 2 meat rations
 w - 7 slices of pizza


   Skills:
 + Level 10.2(0.0) Fighting
 - Level 14.0(0.0) Staves
 - Level 2.0(0.0) Throwing
 + Level 6.7(0.0) Armour
 + Level 9.6(0.0) Dodging


You had 10 spell levels left.
You didn't know any spells.

Dungeon Overview and Level Annotations

Branches:
Dungeon (10/15)            Temple (1/1) D:7             Orc (0/2) D:10
   Lair: D:8-11

Altars:
Dithmenos
Elyvilon
Fedhas
Gozag
Kikubaaqudgha
Makhleb
Okawaru
Pakellas
Ru
Sif Muna
Uskayaw
Xom
Yredelemnul
Zin
Lugonu

Shops:
D:6 *

Annotations:
D:5 ihatethisgame's ghost, novice DsGl
D:9 5 runed doors
D:10 Fannar; Sonja; Urug


Innate Abilities, Weirdness & Mutations

You reflexively headbutt those who attack you in melee.
You have a pair of horns on your head.


Message History

Unknown command.
You feel better. Urug hits you but does no damage.
You closely miss Urug. Your headbutt misses Urug.
Urug is heavily wounded.
Urug hits you but does no damage.
Your plate armour prevents you from hitting Urug.
Urug is heavily wounded.
Urug hits you with an enchanted demon trident!
* * * LOW HITPOINT WARNING * * *
You closely miss Urug. Your headbutt misses Urug.
Urug is heavily wounded.
Urug completely misses you.
You closely miss Urug.
Urug is heavily wounded.
Urug hits you with an enchanted demon trident!
* * * LOW HITPOINT WARNING * * *
You hit Urug but do no damage. Your headbutt misses Urug.
Urug is heavily wounded.
Urug hits you with an enchanted demon trident!
You die...

..##.# #.#..#.(# ##....
####.# #.#..#..# ####. #
#.# #.#.....# ### ####. #
.. ..##.#.## #.. ..##. #
.###...# ##.## #.##. # .
#.o## #...# #.##. # #..##
#...#######.##. #
#...####...#.......... #
#.####..#@........####.###
# ........o.........# #.#
# ####.##
####.#.#.......(.# #.# #
........####.#.####...####
#.# # ####.##........#
#...# #.# # # ###.....#
#...# #.# # # #.....#
##.########.# # #
##.._..## #..........# # #
#.......# ############ #


You could see Urug.

Vanquished Creatures
  Erica (D:9)
  The ghost of porpoise1 the Carver, a novice DsGl of Okawaru (D:10)
  A hill giant (D:10)
  A manticore (D:6)
  Maurice (D:10)
  Prince Ribbit (D:8)
  7 yaks
  Grum (D:9)
  A hog (D:7)
  A human (D:7)
  A hungry ghost (D:10)
  Edmund (D:4)
  A soldier ant (D:10)
  A water moccasin (D:9)
  An orc warrior (D:7)
  3 ice beasts (D:10)
  A black bear (D:7)
  3 sky beasts
  A necrophage (D:6)
  A phantom (D:9)
  A wasp (D:7)
  3 ogres
  2 wolves (D:9)
  3 centaurs
  An elf zombie (Ossuary)
  4 giant frogs
  8 scorpions
  11 killer bees (D:10)
  A howler monkey (D:4)
  4 crimson imps
  A giant frog zombie (D:10)
  4 orc priests
  5 centaur zombies
  3 human zombies (Ossuary)
  A centaur skeleton (D:10)
  A jelly (D:7)
  6 hounds
  14 orc wizards
  2 iguanas (D:8)
  2 giant frog skeletons
  8 worker ants
  A killer bee zombie (D:7)
  2 sheep (D:7)
  2 big kobold zombies (Ossuary)
  3 hound zombies
  A hound skeleton (D:10)
  3 mummies (Ossuary)
  A worker ant zombie (D:6)
  12 adders
  A shadow imp (D:6)
  2 oozes
  3 adder skeletons
  4 adder zombies
  2 worms
  5 dart slugs
  5 giant geckos
  32 orcs
  5 giant cockroaches
  A gnoll zombie (Ossuary)
  10 goblins
  7 hobgoblins
  20 jackals
  5 quokkas
  3 ball pythons
  17 bats
  10 giant newts
  5 goblin zombies (Ossuary)
  5 hobgoblin zombies (Ossuary)
  A jackal zombie (Ossuary)
  12 kobolds
  3 kobold zombies (Ossuary)
  3 orc zombies (Ossuary)
  A quokka zombie (Ossuary)
  6 rats
  5 rat zombies (Ossuary)
  A fungus (D:9)
314 creatures vanquished.

Vanquished Creatures (others)
  A wyvern (D:5)
  A quokka (D:6)
  3 demonic plants (D:10)
  A plant (D:10)
6 creatures vanquished.

Grand Total: 320 creatures vanquished

Notes
Turn   | Place    | Note
-------+----------+-------------------------------------------
     0 | D:1      | HenryFlower the Minotaur Gladiator began the quest for the Orb.
     0 | D:1      | Reached XP level 1. HP: 18/18 MP: 0/0
    92 | D:1      | Reached skill level 4 in Staves
   245 | D:1      | Reached XP level 2. HP: 25/25 MP: 1/1
   603 | D:1      | Reached skill level 5 in Staves
   748 | D:1      | Reached XP level 3. HP: 30/30 MP: 2/2
  1717 | D:2      | Reached XP level 4. HP: 11/37 MP: 3/3
  1946 | D:2      | Reached skill level 6 in Staves
  2012 | D:2      | Found a faded altar of an unknown god.
  2432 | D:3      | Reached XP level 5. HP: 23/44 MP: 4/4
  3118 | D:3      | Reached skill level 7 in Staves
  3395 | D:3      | Found a blossoming altar of Fedhas.
  3397 | D:3      | Found an ancient bone altar of Kikubaaqudgha.
  3547 | D:4      | Reached XP level 6. HP: 42/51 MP: 5/5
  4001 | D:4      | Noticed Edmund
  4018 | D:4      | Killed Edmund
  4126 | D:4      | Reached XP level 7. HP: 55/60 MP: 6/6
  4224 | D:4      | Reached skill level 8 in Staves
  4289 | D:4      | Reached skill level 5 in Dodging
  4576 | D:4      | HP: 3/60 [poisoned by a killer bee]
  4582 | D:4      | HP: 3/60 [poisoned by a killer bee]
  4589 | D:4      | HP: 3/90 [poisoned by a killer bee]
  4596 | D:4      | HP: 3/90 [poisoned by a killer bee]
  4604 | D:4      | HP: 3/90 [poisoned by a killer bee]
  4844 | D:4      | Reached skill level 5 in Fighting
  5226 | D:5      | Entered Level 5 of the Dungeon
  5281 | D:5      | Killed a wyvern
  5408 | D:5      | Found a sand-covered staircase.
  5415 | Ossuary  | Entered an ossuary
  5429 | Ossuary  | Reached skill level 9 in Staves
  5495 | Ossuary  | Reached XP level 8. HP: 64/69 MP: 7/7
  5918 | D:5      | Noticed ihatethisgame's ghost (novice DsGl)
  5935 | D:5      | Found a basalt altar of Yredelemnul.
  6552 | D:6      | Reached skill level 10 in Staves
  6579 | D:6      | Found an opulent altar of Gozag.
  6874 | D:6      | Found Surygg's Assorted Antiques.
  6881 | D:6      | Bought a runed cloak for 135 gold pieces
  6951 | D:6      | Noticed a manticore
  7000 | D:6      | Killed a manticore
  7442 | D:6      | Reached XP level 9. HP: 79/79 MP: 8/8
  7694 | D:6      | Reached skill level 11 in Staves
  7757 | D:6      | Found a white marble altar of Elyvilon.
  8040 | D:7      | Reached skill level 1 in Armour
  8330 | D:7      | Found a staircase to the Ecumenical Temple.
  8355 | Temple   | Entered the Ecumenical Temple
  8427 | Temple   | Became a worshipper of Warmaster Okawaru
  8607 | D:7      | Reached skill level 12 in Staves
  8932 | D:8      | Found a burning altar of Makhleb.
  8961 | D:8      | Found a glowing silver altar of Zin.
  8961 | D:8      | Noticed an angel
  8962 | D:8      | Noticed a green death
  9071 | D:8      | Noticed Prince Ribbit
  9105 | D:8      | Killed Prince Ribbit
  9126 | D:8      | Found an oddly glowing altar of Pakellas.
  9336 | D:9      | Reached XP level 10. HP: 78/90 MP: 9/9
  9345 | D:9      | Reached * piety under Okawaru
  9794 | D:9      | Noticed Grum
 10035 | D:9      | Reached skill level 13 in Staves
 10041 | D:9      | Killed Grum
 10315 | D:9      | Found a runed door.
 10320 | D:9      | Found a runed gate.
 10321 | D:9      | Found a runed door.
 10334 | D:9      | Reached skill level 5 in Armour
 10404 | D:9      | Found a runed gate.
 10404 | D:9      | Found a runed gate.
 10487 | D:9      | Noticed Erica
 10508 | D:9      | Killed Erica
 10508 | D:9      | Reached ** piety under Okawaru
 10681 | D:9      | Found a deep blue altar of Sif Muna.
 10745 | D:10     | Entered Level 10 of the Dungeon
 10923 | D:10     | Noticed porpoise1's ghost (novice DsGl)
 10941 | D:10     | Killed porpoise1's ghost
 10991 | D:10     | Reached XP level 11. HP: 75/99 MP: 10/10
 11157 | D:10     | Found a staircase to the Orcish Mines.
 11157 | D:10     | Noticed a hill giant
 11189 | D:10     | Killed a hill giant
 11189 | D:10     | Reached *** piety under Okawaru
 11335 | D:10     | Reached skill level 14 in Staves
 11340 | D:10     | Found a shimmering altar of Xom.
 11353 | D:10     | Reached skill level 10 in Fighting
 11412 | D:10     | Noticed Maurice
 11421 | D:10     | Killed Maurice
 11421 | D:10     | Received a gift from Okawaru
 11443 | D:10     | Found a corrupted altar of Lugonu.
 11443 | D:10     | Noticed Urug
 11747 | D:10     | Noticed Sonja
 11846 | D:10     | Noticed Fannar
 11876 | D:10     | HP: 1/100 [Urug/javelin (16)]
 12293 | D:10     | Slain by Urug

Vault maps used:
D:1:      minmay_arrival_shoal_huts, minmay_split_cup_large
D:2:      ecumenical_altar_2
D:3:      grunt_temple_overflow_growth_and_decay, first_bread,
          hangedman_decor_slide_cut
D:4:      uniq_edmund
D:5:      yredelemnul_altar_generic, enter_ossuary_2,
          gammafunk_pakellas_statue_experiment
D:6:      nicolae_gozag_seed_capital, elyvilon_altar_4, serial_shops,
          shop_fountains
D:7:      grunt_livestock
D:8:      grunt_temple_overflow_order_and_chaos_2, lemuel_round_altar,
          uniq_prince_ribbit1
D:9:      old_forge, lemuel_crystal_altar, minmay_statues_item,
          minmay_guarded_unrand_staff_of_olgreb, uniq_grum, uniq_erica
D:10:     kennysheep_kobold_lugonu_temple, orc_0_dummy, xom_teletrap_fun,
          uniq_maurice, uniq_harold, uniq_fannar, uniq_sonja, uniq_urug
Temple:   nicolae_temple_figure_eight
Ossuary:  minmay_ossuary_two_tombs

Skill      XL: |  1  2  3  4  5  6  7  8  9 10 11 |
---------------+----------------------------------+-----
Staves         | 4 5 6 7 9 10 12 13 14 | 14.0
Fighting       | 3 4 5 7 8 9 10 | 10.2
Dodging        | 4 5 6 8 9 |  9.6
Armour         | 3 6 |  6.7
Throwing       | |  2.0

Action                   |  1- 3 |  4- 6 |  7- 9 | 10-12 || total
-------------------------+-------+-------+-------+-------++-------
Melee: Quarterstaff      |    77 |   184 |   450 |   307 ||  1018
       Headbutt          |     7 |    31 |    98 |    61 ||   197
Throw: Throwing net      |       |       |       |     2 ||     2
  Use: Potion            |       |     1 |     7 |     6 ||    14
       Scroll            |       |       |    19 |     5 ||    24
  Eat: Chunk             |     2 |     8 |    16 |     8 ||    34
       Fruit             |       |       |     2 |     3 ||     5
Armor: Leather armour    |    17 |    10 |       |       ||    27
       Ring mail         |    10 |    36 |       |       ||    46
       Chain mail        |       |    25 |   152 |       ||   177
       Skin              |       |       |     5 |       ||     5
       Plate armour      |       |       |    45 |   184 ||   229
       Scale mail        |       |       |    15 |       ||    15
Dodge: Dodged            |    69 |   117 |   181 |   134 ||   501
